AoeStats
← BunkeroXcomm

Arabia

509824956Analyzed
1v1 RM · 5d ago on Sep 28, 2026· 19m 1s· 2 players
Game mode
Random Map
Map size
Tiny (2 player)
Population
200
Speed
Normal
Resources
Standard
Victory
Conquest
Starting age
Dark Age
Ending age
Imperial Age
RankedLock teamsTeams togetherTeam positionsShared explorationLock speedFull tech treeHidden civsTurbo modeCheats
Victory
Defeat
🇬🇧 Spanish · United Kingdom
1188
+15
🇨🇴 Mongols · Colombia
1174
-15
BunkeroXcomm
6:53 Loom
9:22 Feudal Age
9:51 Double-Bit Axe
10:59 Horse Collar
12:02 Forging
Propaganda
7:26 Loom
10:09 Feudal Age
14:23 Castle Age
Connection lost

Rejoining the realm…

Still unreachable

The connection could not be restored.

Session expired

The server has moved on; the page needs a fresh start.